 Dungeon Crawl Stone Soup version 0.15-a0-2123-gb18dd36 (webtiles) character file.

1925 Qrupt the Firebug (level 8, -4/57 HPs)
             Began as a Demigod Fire Elementalist on July 16, 2014.
             Splashed by a jelly's acid (12 damage)
             ... on Level 6 of the Dungeon.
             The game lasted 00:25:54 (7480 turns).

Qrupt the Firebug (Demigod Fire Elementalist)       Turns: 7480, Time: 00:25:55

HP  -4/57        AC  2     Str 11      XL: 8   Next: 64%
MP  20/20        EV 14     Int 22      God:
Gold 341         SH  0     Dex 19      Spells:  4 memorised,  0 levels left

rFire  . . .     SeeInvis .     t - +0 whip
rCold  . . .     Clarity  .     u - +0 robe (curse)
rNeg   + . .     rCorr    .     (no shield)
rPois  .         rRot     .     (no helmet)
rElec  .         Spirit   .     (no cloak)
SustAb .         Warding  .     (no gloves)
rMut   .         Stasis   .     (no boots)
Gourm  .                        (no amulet)
MR     .....                    (no ring)
                                q - ring of positive energy

@: flying, not resistant to hostile enchantments, unstealthy
A: no striking features
a: no special abilities


You were on level 6 of the Dungeon.
You were hungry.

You visited 1 branch of the dungeon, and saw 6 of its levels.

You collected 341 gold pieces.

Inventory:

Hand weapons
 t - a +0 whip (weapon)
 D - a cursed +1 dire flail
Armour
 u - a cursed +0 robe (worn)
Magical devices
 x - a wand of teleportation (3) {unknown}
Comestibles
 c - 4 bread rations
 g - a royal jelly
 z - a meat ration
 B - a beef jerky
Scrolls
 a - a scroll of enchant armour {unknown}
 d - 7 scrolls of identify {unknown}
 e - a scroll of enchant weapon {unknown}
 f - 2 scrolls of recharging {unknown}
 h - 2 scrolls of noise {unknown}
 i - a scroll of random uselessness {unknown}
 j - 5 scrolls of remove curse {unknown}
 k - 2 scrolls of teleportation {unknown}
 m - 2 scrolls of amnesia {unknown}
 n - 2 scrolls of magic mapping {unknown}
 o - a scroll of blinking {unknown}
 p - 2 scrolls of immolation {unknown}
 r - 2 scrolls of fear {unknown}
 w - a scroll of fog {unknown}
Jewellery
 q - a ring of positive energy (left hand)
 v - an uncursed ring of sustain abilities {unknown}
 y - a cursed amulet of inaccuracy {unknown}
 F - an uncursed ring of stealth {unknown}
Potions
 s - a potion of haste {unknown}
 A - a potion of confusion {unknown}
 C - a potion of restore abilities {unknown}
 E - a potion of heal wounds {unknown}
 I - a potion of magic {unknown}
Books
 b - a book of Flames

   Spells                             Type                      Level
   *Flame Tongue                      Conjuration/Fire             1
   Throw Flame                        Conjuration/Fire             2
   *Conjure Flame                     Conjuration/Fire             3
   Inner Flame                        Hexes/Fire                   3
   *Sticky Flame                      Conjuration/Fire             4
   *Fireball                          Conjuration/Fire             5
 G - a book of Burglary

   Spells                             Type                      Level
   Swiftness                          Charms/Air                   2
   Passwall                           Transmutation/Earth          3
   Passage of Golubria                Translocation                4
   Lee's Rapid Deconstruction         Earth                        5
   Invisibility                       Hexes                        6
   Darkness                           Hexes                        7
 H - a book of Enchantments

   Spells                             Type                      Level
   Tukima's Dance                     Hexes                        3
   Cause Fear                         Hexes                        4
   Silence                            Hexes/Air                    5
   Deflect Missiles                   Charms/Air                   6
   Haste                              Charms                       6
   Discord                            Hexes                        8


   Skills:
 - Level 5.2 Maces & Flails
 - Level 3.5 Dodging
 - Level 1.7 Stealth
 + Level 3.0 Spellcasting
 - Level 5.7 Conjurations
 - Level 6.3 Fire Magic


You couldn't memorise any spells.
You knew the following spells:

 Your Spells              Type           Power        Failure   Level  Hunger
a - Flame Tongue          Conj/Fire      ####.        1%          1    None
b - Conjure Flame         Conj/Fire      ####....     3%          3    ###....
c - Sticky Flame          Conj/Fire      ####....     12%         4    ####...
d - Fireball              Conj/Fire      ####......   34%         5    #####..


Dungeon Overview and Level Annotations

Branches:
Dungeon (6/15)             Temple (0/1) D:4

Shops:
D:5 [


Message History

Confirm with . or Enter, or press ? or * to list all spells.
Okay, then.
The jelly hits you.
* * * LOW HITPOINT WARNING * * *
You are splashed with acid!
The acid burns!
* * * LOW HITPOINT WARNING * * *
The jelly completely misses you.
Drink which item? (? for menu, Esc to quit)
You feel very buoyant.
You fly up into the air.
It was a potion of flight.
You repair your equipment.
The jelly misses you.
The jelly jiggles.
There is an open door here.
You hear a slurping noise.
The jelly jiggles.
The jelly hits you.
* * * LOW HITPOINT WARNING * * *
You are splashed with acid!
The acid burns!
You die...

#####≈≈≈(≈≈≈≈≈≈≈≈≈.###'####
##..##≈≈≈≈≈≈≈≈≈≈≈≈≈.###..#^.
#.....≈≈≈≈≈≈≈≈≈≈≈≈≈(((...#.#
#.....≈≈≈≈≈≈(≈≈≈≈≈≈(((...#.#
#.....≈≈≈≈≈≈≈≈≈≈≈≈≈......#.#
#.....≈≈≈≈≈...≈≈≈≈≈$(((..#.#
#.....≈≈≈≈≈...≈≈≈≈≈......#.#
#######.##.≈≈≈≈≈...≈≈≈≈≈..####...
...#..#.###≈≈≈≈≈@≈≈≈≈≈≈≈########'
...........≈≈≈≈≈J≈≈≈≈≈%≈....#....
...........≈≈≈≈≈≈≈≈≈≈≈≈≈....'....
(..........≈≈≈≈≈≈(%≈≈≈≈≈....#....
.....))....≈≈≈≈≈≈≈≈≈)≈≈≈.>..#....
...................#........#....
..............#....'........#....
...#..#.##.####'#####....##.##+##
#######.##.####....##....##.##...


You could see a jelly.

Vanquished Creatures
  A sky beast (D:6)
  2 ogres (D:6)
  A black bear (D:6)
  A necrophage (D:5)
  4 centaurs (D:6)
  4 giant frogs (D:6)
  2 scorpions (D:4)
  4 wights (D:6)
  3 hounds
  A goliath beetle (D:6)
  3 orc priests
  5 worker ants
  2 orc wizards (D:4)
  2 scorpion zombies
  6 gnolls
  7 adders
  A giant mite (D:6)
  7 worms
  An orc skeleton (D:4)
  4 giant geckos
  2 oozes
  19 orcs
  6 bats
  4 giant cockroaches
  5 goblins
  6 hobgoblins
  A ball python (D:4)
  5 giant newts
  3 jackals (D:4)
  10 kobolds
  A quokka (D:4)
  13 rats
136 creatures vanquished.

Notes
Turn   | Place    | Note
--------------------------------------------------------------
     0 | D:1      | Qrupt, the Demigod Fire Elementalist, began the quest for the Orb.
     0 | D:1      | Reached XP level 1. HP: 14/14 MP: 3/3
    81 | D:1      | Reached skill level 1 in Conjurations
   379 | D:1      | Reached XP level 2. HP: 17/20 MP: 0/4
   713 | D:2      | Reached skill level 3 in Fire Magic
   928 | D:2      | Reached XP level 3. HP: 19/26 MP: 0/8
  1467 | D:2      | Found a shimmering altar of Xom.
  1468 | D:2      | Found a burning altar of Makhleb.
  1619 | D:2      | Reached XP level 4. HP: 33/33 MP: 4/11
  2678 | D:3      | Found a stormy altar of Qazlal.
  2714 | D:3      | Reached XP level 5. HP: 23/38 MP: 0/14
  2770 | D:3      | Reached skill level 1 in Maces & Flails
  3089 | D:3      | Found a burning altar of Makhleb.
  3125 | D:3      | Learned a level 3 spell: Conjure Flame
  3130 | D:3      | Learned a level 4 spell: Sticky Flame
  3254 | D:4      | Found a staircase to the Ecumenical Temple.
  3339 | D:4      | Reached XP level 6. HP: 10/45 MP: 0/16
  3714 | D:4      | Reached skill level 4 in Maces & Flails
  3743 | D:4      | HP: 2/45 [hobgoblin (2)]
  4378 | D:5      | Entered Level 5 of the Dungeon
  4530 | D:5      | Reached skill level 5 in Maces & Flails
  4530 | D:5      | Reached XP level 7. HP: 44/50 MP: 10/18
  4716 | D:5      | Found Peozibic's Armour Shoppe.
  6037 | D:6      | Reached skill level 5 in Fire Magic
  6278 | D:6      | Reached XP level 8. HP: 49/57 MP: 12/20
  6483 | D:6      | Reached skill level 5 in Conjurations
  6515 | D:6      | Reached skill level 6 in Fire Magic
  6799 | D:6      | Learned a level 5 spell: Fireball
  7480 | D:6      | Splashed by a jelly's acid

Action                   |  1- 3 |  4- 6 |  7- 9 || total
-------------------------+-------+-------+-------++-------
Melee: Whip              |    10 |    30 |    70 ||   110
       Unarmed           |     2 |       |       ||     2
 Cast: Flame Tongue      |    66 |   183 |   102 ||   351
       Sticky Flame      |       |     1 |    12 ||    13
       Fireball          |       |       |     3 ||     3
  Use: Potion            |       |       |     1 ||     1
  Eat: Chunk             |     2 |     7 |     7 ||    16
       Beef jerky        |       |     1 |       ||     1
       Pizza             |       |       |     1 ||     1
       Bread ration      |       |       |     1 ||     1
